 Dungeon Crawl Stone Soup version 0.31.0-12-g77e489cdc1 (webtiles) character file.

Game seed: 7649129993641306675

246 spaghetti the Trooper (level 6, -11/39 HPs)
             Began as a Tengu Chaos Knight on Feb 15, 2024.
             Was a Plaything of Xom.
             Mangled by Pikel
             ... wielding a +2 whip of electrocution
              (12 damage)
             ... on level 4 of the Dungeon.
             The game lasted 00:03:25 (2507 turns).

spaghetti the Trooper (Tengu Chaos Knight)          Turns: 2507, Time: 00:03:25

Health: -11/39     AC:  2    Str: 13    XL:     6   Next: 11%
Magic:  7/7        EV: 11    Int: 14    God:    Xom [....*.]
Gold:   145        SH:  0    Dex: 13    Spells: 3/5 levels left

rFire   . . .        g - +0 whip (venom)
rCold   . . .        (no shield)
rNeg    . . .        b - +3 leather armour
rPois   .            (helmet restricted)
rElec   .            (no cloak)
rCorr   .            (no gloves)
SInv    .            (boots unavailable)
Will    .....        (no amulet)
Stlth   ++           (no ring)
HPRegen 0.26/turn    (no ring)
MPRegen 0.10/turn

%: acrobat
@: corroded
A: beak, talons 3, acrobatic
a: Renounce Religion


You were on level 4 of the Dungeon.
You worshipped Xom.
You were a beloved toy of Xom.
You visited 1 branch of the dungeon, and saw 4 of its levels.

You collected 145 gold pieces.

Inventory:

Hand Weapons
 a - a +0 falchion of chaos
 g - a +0 whip of venom (weapon)
Missiles
 h - 2 boomerangs (quivered)
Armour
 b - a +3 leather armour (worn)
 f - a +0 plate armour
Wands
 j - a wand of flame (13)
 m - a wand of acid (13)
Scrolls
 c - a scroll of butterflies
 d - 2 scrolls of identify
 e - a scroll of enchant weapon
Potions
 i - a potion of curing
 k - a potion of cancellation {unknown}
 n - a potion of haste


   Skills:
 + Level 4.5 Fighting
 - Level 3.9 Long Blades
 - Level 2.1 Armour
 - Level 1.1 Dodging
 + Level 3.3 Stealth
 + Level 3.1 Summonings


You had 3 spell levels left.
You knew the following spells:

 Your Spells              Type           Power      Damage    Failure   Level
a - Call Imp              Summ           16%        N/A       16%         2

Your spell library contained the following spells:

 Spells                   Type           Power      Damage    Failure   Level
 Magic Dart               Conj           0%         1d3       36%         1
 Blink                    Tloc           0%         N/A       50%         2
 Alistair's Intoxication  Alch           0%         N/A       100%        5
 Borgnjor's Vile Clutch   Necr/Erth      0%         N/A       100%        5
 Eringya's Noxious Bog    Alch           0%         4d6       100%        6


Dungeon Overview and Level Annotations

Branches:
Dungeon (4/15)
 Temple: D:4-7

Altars:
Dithmenos
Hepliaklqana
Xom
Yredelemnul
The Shining One

Annotations:
D:4 Pikel; tymior's ghost, weakling DsDe


Innate Abilities, Weirdness & Mutations

You have a beak for a mouth.
You have claws for feet.
You can magically evade attacks while moving or waiting.


Message History

A lemure comes into view.
Pikel zaps a wand.
The bolt of acid hits you!
You hit Pikel.
Pikel is poisoned.
You claw Pikel, but do no damage.
Pikel is lightly wounded.
Pikel closely misses you.
You closely miss Pikel. Your kick misses Pikel. Your peck misses Pikel.
Pikel is lightly wounded.
Xom asks Qazlal to spice things up a little.
Pikel says, "I'm sure the Orcish Mines are around here somewhere..."
Pikel zaps a wand.
The bolt of acid hits you! The acid corrodes you!
You are too injured to fight recklessly!
You are too injured to fight recklessly!
You are too injured to fight recklessly!
You are too injured to fight recklessly!
You are too injured to fight recklessly!
You are too injured to fight recklessly!
You are too injured to fight recklessly!
You are too injured to fight recklessly!
You are too injured to fight recklessly!
You are too injured to fight recklessly!
You are too injured to fight recklessly!
You are too injured to fight recklessly!
You are too injured to fight recklessly!
You are too injured to fight recklessly!
You are too injured to fight recklessly!
You are too injured to fight recklessly!
Unknown command.
Unknown command.
You closely miss Pikel.
Pikel is lightly wounded.
Pikel hits you with a +2 whip of electrocution!
* * * LOW HITPOINT WARNING * * *
You closely miss Pikel.
Pikel is lightly wounded.
Pikel hits you with a +2 whip of electrocution!
* * * LOW HITPOINT WARNING * * *
You are electrocuted!
You die...
Pikel says, "Another soul for the market."
Xom giggles madly!

######. #....Y#..#
).=.ZZ#..# . ... $...#.##.#
.5 ...##.. #.W#.# #### ..
....# #.W#.# ...## ##5
...###...#.# #...# #...##
.......##.# 55...#
.#.#.§5###...###..#
...._......5..§K@§#####...##
.._._#.##########§§.....#.#
#_..## # #########.# ##.##
#.# ## #.# #.# #.# ..# ###


You could see Pikel (very poisoned) and a lemure.

Vanquished Creatures
  A sleepcap (D:2)
  A gnoll (D:1)
  6 adders
  5 dart slugs
  A ribbon worm (D:3)
  3 orcs (D:4)
  4 ball pythons
  5 endoplasms
  3 giant cockroaches
  3 goblins
  7 hobgoblins
  8 jackals
  A quokka (D:1)
  6 bats
  2 frilled lizards (D:1)
  7 kobolds
  3 rats
66 creatures vanquished.

Vanquished Creatures (collateral kills)
  A phantom (D:4)
1 creature vanquished.

Grand Total: 67 creatures vanquished

Notes
Turn   | Place    | Note
-------+----------+-------------------------------------------
     0 | D:1      | spaghetti the Tengu Chaos Knight began the quest for the
                  | Orb.
     0 | D:1      | Reached XP level 1. HP: 14/14 MP: 2/2
    80 | D:1      | Reached XP level 2. HP: 19/19 MP: 3/3
    86 | D:1      | Reached skill level 1 in Stealth
   161 | D:1      | Reached XP level 3. HP: 21/23 MP: 4/4
   164 | D:1      | Learned a level 2 spell: Call Imp
   209 | D:1      | XOM: silly message
  1102 | D:2      | Reached skill level 1 in Summonings
  1102 | D:2      | Reached XP level 4. HP: 17/28 MP: 5/5
  1404 | D:2      | XOM: divination: detect creatures
  1409 | D:2      | Found a shadowy altar of Dithmenos.
  1574 | D:2      | XOM: silly message
  1746 | D:3      | XOM: repel stairs
  1748 | D:3      | Reached skill level 4 in Fighting
  1748 | D:3      | Reached XP level 5. HP: 33/33 MP: 6/6
  1802 | D:3      | XOM: enchant monster (good)
  1953 | D:3      | XOM: scenery: summon butterflies
  2159 | D:3      | Found a hazy altar of Hepliaklqana.
  2186 | D:3      | Found a glowing golden altar of the Shining One.
  2288 | D:4      | Found a basalt altar of Yredelemnul.
  2293 | D:4      | Noticed a phantom
  2308 | D:4      | XOM: fog
  2317 | D:4      | XOM: summons 4 friendly demons
  2322 | D:4      | XOM: cloud trail
  2322 | D:4      | Killed a phantom
  2323 | D:4      | Reached XP level 6. HP: 32/39 MP: 4/7
  2422 | D:4      | XOM: scenery: create altars
  2424 | D:4      | XOM: 2-stop teleportation journey
  2478 | D:4      | Noticed tymior's ghost (weakling DsDe)
  2479 | D:4      | Noticed an ice beast
  2500 | D:4      | Noticed Pikel
  2505 | D:4      | XOM: fog
  2507 | D:4      | HP: 1/39 [Pikel/+2 whip of electrocution (7)]
  2507 | D:4      | Mangled by Pikel

Illustrated notes

Levels and vault maps discovered:
D:1:      eino_arrival_cavern_c, layout_basic, palyth_stone_intersect
D:2:      layout_loops_ring, basic_altar
D:3:      layout_rooms, lemuel_doored_altar, mainiacjoe_overflow_alcove_4
D:4:      minmay_angry_zag, layout_loops_ring, general_overflow_altar,
          gammafunk_temple_overflow_wave, gammafunk_ghost_icy, uniq_pikel,
          uniq_edmund

Skill      XL: |  1  2  3  4  5 |
---------------+----------------+-----
Stealth        | 1 2 3 |  3.3
Summonings     | 1 2 3 |  3.1
Fighting       | 4 |  4.5
Long Blades    | |  3.9
Armour         | |  2.1
Dodging        | |  1.1

Action                     |  1- 3 |  4- 6 || total
---------------------------+-------+-------++-------
  Melee: Falchion          |    61 |       ||    61
         Kick              |    19 |    27 ||    46
         Peck              |     9 |    19 ||    28
         Punch             |     1 |       ||     1
         Whip              |     6 |    89 ||    95
  Throw: Boomerang         |       |    46 ||    46
   Cast: Call Imp          |     1 |     1 ||     2
    Use: Scroll            |     3 |     3 ||     6
         Potion            |       |     8 ||     8
   Stab: Sleeping          |     1 |     3 ||     4
         Paralysed         |       |     3 ||     3
 Armour: Leather armour    |    39 |    58 ||    97
  Dodge: Dodged            |    47 |    56 ||   103
